[Event "Titled Tuesday Blitz May 16 Late 2023"]
[White "OPQRC"]
[Black "Shtivelband, Richard"]
[BlackFideId "2017342"]
[WhiteElo "2550"]
[BlackElo "2297"]
[Result "1-0"]
[Round "06"]
[TimeControl "180+2"]
[Date "2023.05.16"]
[WhiteClock "0:00:28"]
[BlackClock "0:00:30"]

1. e4 c5 2. Nf3 e6 3. b3 Nc6 4. Bb2 d6 5. d4 cxd4 6. Nxd4 Nf6 7. Bd3 Qa5+ 8. Nd2 Bd7 9. O-O Be7 10. Nc4 Qc7 11. f4 Nxd4 12. Bxd4 O-O 13. Qf3 b5 14. Ne3 e5 15. Bb2 Qc5 16. Kh1 Rae8 17. Rad1 d5 18. Nxd5 Nxd5 19. exd5 exf4 20. Qxf4 Bd6 21. Qg5 f6 22. Rxf6 Rxf6 23. Bxf6 Bf8 24. Qh5 h6 25. Qg6 Qf2 26. Qh7+ Kf7 27. Qg6+ Kg8 28. Bc3 Re3 29. Rf1 Rxd3 30. Qxd3 Qh4 31. Qf3 Qe7 32. d6 Qxd6 33. Qf7+ 1-0


[Site "https://www.chess.com"]

[Event "Titled Tuesday Blitz May 16 Late 2023"]
[White "Kujawski, Adam"]
[Black "Hnydiuk, Aleksander"]
[WhiteFideId "1100920"]
[BlackFideId "1109057"]
[WhiteElo "2054"]
[BlackElo "2374"]
[Result "1-0"]
[Round "06"]
[TimeControl "180+2"]
[Date "2023.05.16"]
[WhiteClock "0:00:07"]
[BlackClock "0:00:00"]

1. e4 c6 2. d4 d5 3. f3 Nd7 4. Nc3 e5 5. Nge2 Ngf6 6. dxe5 Nxe5 7. f4 Neg4 8. e5 Nh5 9. g3 f6 10. e6 Bxe6 11. Nd4 Qe7 12. Be2 O-O-O 13. Kf1 f5 14. Kg2 Nhf6 15. Re1 Ne4 16. Bf3 Bd7 17. Be3 Qf7 18. Bg1 Bc5 19. Nb3 Bxg1 20. Kxg1 Rhe8 21. Qd4 Qf8 22. Qxa7 g5 23. Na4 1-0


[Site "https://www.chess.com"]

[Event "Titled Tuesday Blitz May 16 Late 2023"]
[White "Mikhalsky, Vladimir"]
[Black "Einarsson, Halldor Gretar"]
[WhiteFideId "14144352"]
[BlackFideId "2300150"]
[WhiteElo "2236"]
[BlackElo "2110"]
[Result "1-0"]
[Round "06"]
[TimeControl "180+2"]
[Date "2023.05.16"]
[WhiteClock "0:00:35"]
[BlackClock "0:00:00"]

1. d4 Nf6 2. c4 g6 3. Nc3 d5 4. cxd5 Nxd5 5. e4 Nxc3 6. bxc3 Bg7 7. Nf3 c5 8. Be3 Qa5 9. Qd2 cxd4 10. cxd4 Qxd2+ 11. Kxd2 O-O 12. Rc1 Nc6 13. Bb5 Rd8 14. d5 f5 15. Bxc6 bxc6 16. Nd4 cxd5 17. Nc6 Rd7 18. exf5 gxf5 19. Nxa7 d4 20. Rxc8+ Rxc8 21. Nxc8 dxe3+ 22. Kxe3 Bd4+ 23. Kf3 Rc7 24. Rd1 Bc5 25. Rd8+ Kf7 26. a4 e5 27. a5 Rc6 28. Rh8 Kg7 29. Re8 Kf7 30. Rd8 Bd4 31. Nd6+ Ke7 32. Nb7 Rc3+ 33. Ke2 Rc2+ 34. Kd3 Rxf2 35. Rh8 Rxg2 36. Rxh7+ Ke6 37. a6 Kd5 38. Rd7+ Kc6 39. Rd6+ Kc7 40. Rh6 Ra2 41. h4 Bb6 42. h5 Rxa6 43. Nd6 e4+ 44. Kc4 1-0


[Site "https://www.chess.com"]

[Event "Titled Tuesday Blitz May 16 Late 2023"]
[White "Smiechu"]
[Black "merinasian"]
[WhiteElo "2278"]
[BlackElo "2424"]
[Result "0-1"]
[Round "06"]
[TimeControl "180+2"]
[Date "2023.05.16"]
[WhiteClock "0:00:06"]
[BlackClock "0:00:03"]

1. e4 c6 2. d4 d5 3. f3 g6 4. Be3 Bg7 5. e5 c5 6. c3 Nc6 7. Bd3 cxd4 8. cxd4 Qb6 9. Ne2 Qxb2 10. Nd2 Nh6 11. O-O Nf5 12. Bf2 Bh6 13. Nb3 Ne3 14. Bxe3 Bxe3+ 15. Kh1 O-O 16. Bc2 a5 17. Nc5 b6 18. Rb1 Qxa2 19. Rxb6 Nb4 20. Bb3 Qd2 21. e6 Bxe6 22. Nxe6 fxe6 23. Rxe6 Qxd1 24. Rxd1 Bg5 25. Nc3 Rfd8 26. Na4 Rab8 27. Nc5 Bf6 28. h3 Kf7 29. g4 g5 30. h4 h6 31. h5 Rbc8 32. Re2 Rd6 33. Na4 e6 34. Nc5 Rb6 35. Rde1 Rcc6 36. Ba4 Rd6 37. Nb3 Nd3 38. Rd1 Nf4 39. Rc2 Rb4 40. Rc7+ Be7 41. Nc5 Ne2 42. Bd7 Nxd4 43. Nd3 Rbb6 44. Ne5+ Kf6 45. Rxd4 Kxe5 46. Rd1 Rb2 47. Ba4 Rdb6 48. Rxe7 R6b4 49. Re1+ Kf4 50. Rf7+ Kg3 51. Rg1+ Kh3 52. Ra1 Rb1+ 53. Bd1 Rxa1 54. f4 Rxd1# 0-1


[Site "https://www.chess.com"]

[Event "Titled Tuesday Blitz May 16 Late 2023"]
[White "Shubin, Daniel"]
[Black "ibove"]
[WhiteFideId "30936470"]
[WhiteElo "2040"]
[BlackElo "2277"]
[Result "1/2-1/2"]
[Round "06"]
[TimeControl "180+2"]
[Date "2023.05.16"]
[WhiteClock "0:00:40"]
[BlackClock "0:00:29"]

1. e4 c5 2. Nf3 d6 3. d4 cxd4 4. Nxd4 Nf6 5. Nc3 g6 6. Be3 Bg7 7. Bc4 O-O 8. O-O Ng4 9. Bg5 h6 10. Bh4 g5 11. Bg3 Nc6 12. Nce2 Qb6 13. Nxc6 bxc6 14. h3 Ne5 15. Bb3 Ba6 16. Re1 Nc4 17. Bxc4 Bxc4 18. e5 dxe5 19. b3 Rad8 20. Qc1 Bxe2 21. Rxe2 Qc5 22. Qe3 Qxe3 23. Rxe3 e4 24. Rae1 f5 25. Bc7 Rd7 26. Ba5 Bd4 27. R3e2 e5 28. c3 Bb6 29. Bxb6 axb6 30. f3 exf3 31. gxf3 Rd3 32. Re3 Rxe3 33. Rxe3 Re8 34. Kf2 Kf7 35. Rd3 Ke6 36. Ke3 Ra8 37. a4 h5 38. Rd1 b5 39. axb5 cxb5 40. Rg1 Rg8 41. Ra1 g4 42. Ra6+ Kd5 43. hxg4 hxg4 44. fxg4 fxg4 45. c4+ bxc4 46. Ra5+ Kc6 47. bxc4 g3 48. Ra1 g2 49. Rg1 Rg4 50. Kf3 Rf4+ 51. Ke3 Rg4 52. Kf3 Rxc4 53. Rxg2 Kd5 54. Rd2+ Rd4 55. Ra2 Rd3+ 56. Ke2 Ke4 57. Ra4+ Rd4 58. Rxd4+ exd4 59. Kd2 d3 60. Kd1 Kd4 61. Kd2 Kc4 62. Kd1 Kd5 63. Kd2 Kd4 64. Kd1 Ke3 65. Ke1 Ke4 66. Kd1 Kd5 67. Kd2 Kc4 68. Kd1 Kc3 69. Kc1 Kb4 70. Kd2 Kc4 1/2-1/2


[Site "https://www.chess.com"]

[Event "Titled Tuesday Blitz May 16 Late 2023"]
[White "De Souza, Cristiano Gomes"]
[Black "Vega Gutierrez, Sabrina"]
[WhiteFideId "2151758"]
[BlackFideId "2219026"]
[WhiteElo "2068"]
[BlackElo "2209"]
[Result "0-1"]
[Round "06"]
[TimeControl "180+2"]
[Date "2023.05.16"]
[WhiteClock "0:01:37"]
[BlackClock "0:00:50"]

1. d4 d5 2. c4 e6 3. Nf3 c6 4. Nc3 dxc4 5. a4 Bb4 6. e3 b5 7. Bd2 a5 8. axb5 Bxc3 9. Bxc3 cxb5 10. b3 Bb7 11. d5 Nf6 12. bxc4 b4 13. Bxf6 Qxf6 14. Qa4+ Nd7 15. Nd4 Rb8 16. c5 Bxd5 17. Bb5 O-O 18. Bxd7 e5 19. Ne2 Bxg2 20. Rg1 Bf3 21. Qxa5 Ra8 0-1


[Site "https://www.chess.com"]

[Event "Titled Tuesday Blitz May 16 Late 2023"]
[White "Escalante Ramirez, Rafael"]
[Black "Urbina Perez, Juan Antonio"]
[WhiteFideId "3900177"]
[BlackFideId "2217368"]
[WhiteElo "2246"]
[BlackElo "2197"]
[Result "1/2-1/2"]
[Round "06"]
[TimeControl "180+2"]
[Date "2023.05.16"]
[WhiteClock "0:00:10"]
[BlackClock "0:00:50"]

1. Nf3 d5 2. d4 Nf6 3. c4 e6 4. cxd5 exd5 5. Nc3 a6 6. Bg5 Be6 7. e3 Be7 8. Bd3 h6 9. Bh4 Nbd7 10. Qc2 Rc8 11. O-O O-O 12. Rae1 c5 13. dxc5 Nxc5 14. Qe2 d4 15. Nxd4 Nxd3 16. Nxe6 fxe6 17. Rd1 Nf4 18. exf4 Qb6 19. Rd2 Bb4 20. Re1 Bxc3 21. bxc3 Rxc3 22. Bxf6 Rxf6 23. Rb2 Qc7 24. g3 b5 25. Rd1 Rc1 26. Rd2 Rxd1+ 27. Qxd1 e5 28. Rd8+ Kh7 29. Qd3+ Rg6 30. f5 Rf6 31. Rd7 Qc1+ 32. Kg2 Qc6+ 33. f3 Qc4 34. g4 Qxa2+ 35. Kg3 Qc4 36. Qxc4 bxc4 37. Rc7 a5 38. Rxc4 Ra6 39. Ra4 Kg8 40. Kf2 Kf7 41. Ke3 Kf6 42. Ke4 Ra7 43. h4 Ra6 44. f4 exf4 45. Kxf4 Ra7 46. g5+ hxg5+ 47. hxg5+ Ke7 48. Ke5 Kf7 49. Kd5 Ke7 50. Kc5 Kd7 51. Kb5 Kd6 52. Rxa5 Rxa5+ 53. Kxa5 Ke5 54. f6 gxf6 55. gxf6 Kxf6 1/2-1/2


[Site "https://www.chess.com"]

[Event "Titled Tuesday Blitz May 16 Late 2023"]
[White "Fuentes Godoy, Lilia Ivonne"]
[Black "Arnold, Ken"]
[WhiteFideId "5104130"]
[BlackFideId "2056836"]
[WhiteElo "2096"]
[BlackElo "2377"]
[Result "0-1"]
[Round "06"]
[TimeControl "180+2"]
[Date "2023.05.16"]
[WhiteClock "0:00:13"]
[BlackClock "0:00:14"]

1. d4 c6 2. c4 d5 3. cxd5 cxd5 4. Bf4 Nf6 5. Nc3 e6 6. e3 Nc6 7. Bd3 Bd6 8. Bxd6 Qxd6 9. f4 a6 10. Nf3 b5 11. a3 Bb7 12. O-O O-O 13. Ne5 Na5 14. Qf3 Nc4 15. Rf2 Rac8 16. Bxc4 bxc4 17. Qh3 Ne4 18. Rf3 f6 19. Ng4 Rc7 20. Qh5 g6 21. Qh4 Qe7 22. Rh3 Nd6 23. Nh6+ Kh8 24. g4 f5 25. g5 Qg7 26. Qe1 Bc6 27. Na2 Rb7 28. Nb4 Bb5 29. a4 a5 30. axb5 axb4 31. Qxb4 Nxb5 32. Qc5 Rfb8 33. Ra6 Rc7 34. Rc6 Qe7 35. Rxc7 Qxc7 36. Qxc7 Nxc7 37. Nf7+ Kg7 38. Nd8 Rxd8 0-1


[Site "https://www.chess.com"]

[Event "Titled Tuesday Blitz May 16 Late 2023"]
[White "Martinez, Ayelen"]
[Black "KVAIDAN"]
[WhiteFideId "118702"]
[WhiteElo "2125"]
[BlackElo "2368"]
[Result "1-0"]
[Round "06"]
[TimeControl "180+2"]
[Date "2023.05.16"]
[WhiteClock "0:00:58"]
[BlackClock "0:01:42"]

1. e4 e5 2. Nf3 d5 3. Nxe5 Bd6 4. Nxf7 Kxf7 5. Qh5+ g6 6. Qxd5+ Be6 7. Qd4 Qf6 8. Qe3 Nd7 9. d4 Be7 10. d5 Bxd5 11. exd5 Bc5 12. Qg3 Ne7 13. Nc3 Nf5 14. Qf4 g5 15. Qxg5 Bxf2+ 16. Kxf2 Qd4+ 17. Be3 Nxe3 18. Qxe3 Qh4+ 19. g3 Qh5 20. Be2 Qg6 21. Bd3 Qh5 22. Qf3+ Qxf3+ 23. Kxf3 Nf6 24. Rhf1 Rad8 25. Kg2 Kg7 26. Rae1 Rd7 27. Bf5 Rf7 28. Be6 Re7 29. Re5 h5 30. Rg5+ Kh6 31. Rxf6+ Kxg5 32. Ne4# 1-0


[Site "https://www.chess.com"]

[Event "Titled Tuesday Blitz May 16 Late 2023"]
[White "Weber, Samuel"]
[Black "Torres Dominguez, David"]
[WhiteFideId "12924008"]
[BlackFideId "2220857"]
[WhiteElo "2162"]
[BlackElo "1999"]
[Result "1-0"]
[Round "06"]
[TimeControl "180+2"]
[Date "2023.05.16"]
[WhiteClock "0:00:19"]
[BlackClock "0:00:00"]

1. b3 Nf6 2. Bb2 g6 3. c4 Bg7 4. e3 O-O 5. Nf3 a5 6. a3 d5 7. Be2 e6 8. O-O b6 9. Nc3 Nbd7 10. d4 Bb7 11. cxd5 Nxd5 12. Rc1 Nxc3 13. Bxc3 c5 14. dxc5 Bxc3 15. c6 Bxc6 16. Rxc3 Bd5 17. Nd4 Nc5 18. Bf3 e5 19. Nc6 Bxc6 20. Bxc6 Rc8 21. Bd5 Qe7 22. e4 Ne6 23. Qa1 Nf4 24. Re3 Rc2 25. g3 Ne2+ 26. Kg2 Nd4 27. a4 Rfc8 28. Bc4 R2xc4 29. bxc4 Nc2 30. Qc3 Nxe3+ 31. Qxe3 Qb4 32. Qg5 Qxc4 33. Qxe5 Qxa4 34. h4 h5 35. g4 Re8 36. Qf6 Qxe4+ 37. f3 Qc2+ 38. Rf2 Re2 39. Rxe2 Qxe2+ 40. Kg3 hxg4 41. fxg4 Qe3+ 42. Kg2 Qd2+ 43. Kg3 Qd3+ 44. Kg2 Qc2+ 45. Kg3 Qb3+ 46. Kg2 Qe6 47. Qd8+ Kh7 48. Qd4 b5 49. h5 1-0


[Site "https://www.chess.com"]

[Event "Titled Tuesday Blitz May 16 Late 2023"]
[White "Joubert, Dantelle"]
[Black "Goswami, Vedant"]
[WhiteFideId "14310813"]
[BlackFideId "5003725"]
[WhiteElo "1507"]
[BlackElo "2011"]
[Result "0-1"]
[Round "06"]
[TimeControl "180+2"]
[Date "2023.05.16"]
[WhiteClock "0:01:06"]
[BlackClock "0:01:45"]

1. d4 Nf6 2. c4 e6 3. Nc3 Bb4 4. e3 O-O 5. Ne2 d5 6. a3 Be7 7. Nf4 dxc4 8. Bxc4 a6 9. Qf3 c5 10. dxc5 Bxc5 11. O-O Nc6 12. Rd1 Qe7 13. Qe2 b5 14. Ba2 Bb7 15. e4 Nd4 16. Qf1 Ng4 17. Be3 Nxe3 18. fxe3 Nc2 0-1


[Site "https://www.chess.com"]

[Event "Titled Tuesday Blitz May 16 Late 2023"]
[White "ArchibaldCerveza29"]
[Black "Lopez Perdomo, Juan David"]
[BlackFideId "4405137"]
[WhiteElo "2370"]
[BlackElo "1965"]
[Result "1-0"]
[Round "06"]
[TimeControl "180+2"]
[Date "2023.05.16"]
[WhiteClock "0:00:25"]
[BlackClock "0:00:10"]

1. d4 c5 2. e3 e6 3. Nf3 d5 4. Be2 Nf6 5. O-O Be7 6. b3 O-O 7. Bb2 b6 8. c4 Bb7 9. cxd5 Nxd5 10. Nc3 Nxc3 11. Bxc3 Nd7 12. Qb1 Nf6 13. Rd1 Qc7 14. dxc5 Qxc5 15. Qb2 Rac8 16. Rac1 Qh5 17. Be5 Rxc1 18. Rxc1 Ng4 19. Bxg7 Bxf3 20. Bxf3 Qxh2+ 21. Kf1 Rd8 22. Bxg4 Qh1+ 23. Ke2 Qxg2 24. Bf3 Qxg7 25. Qxg7+ Kxg7 26. Rc7 Bb4 27. Rxa7 Rd2+ 28. Kf1 Rb2 29. Bh5 Kh6 30. Bxf7 e5 31. Bd5 Rb1+ 32. Kg2 Rb2 33. Be4 Bc5 34. Kf3 Kg5 35. Rxh7 Rxa2 36. Rg7+ Kf6 37. Rg6+ Ke7 38. b4 Bxb4 39. Rxb6 Bd6 40. Kg3 Ra5 41. Kg4 Rc5 42. Kf5 Ra5 43. Rb7+ Kd8 44. Ke6 Be7 45. Rd7+ Ke8 46. Rxe7+ Kd8 47. Rd7+ Kc8 48. Rd5 Ra6+ 49. Kxe5 Ra2 50. Bf5+ Kb7 51. f4 Kc6 52. e4 Ra7 53. Rd6+ Kc5 54. Rd7 Rxd7 55. Bxd7 Kb6 56. Be6 Kc7 57. f5 Kd8 58. f6 Ke8 59. Kf5 Kf8 60. e5 Ke8 61. Bc4 Kf8 62. Bd3 Ke8 63. e6 Kf8 64. e7+ Ke8 65. Bb5+ Kf7 66. e8=Q# 1-0


[Site "https://www.chess.com"]

[Event "Titled Tuesday Blitz May 16 Late 2023"]
[White "Dmitriev, Sergey"]
[Black "Marcziter, Dmitrii"]
[WhiteFideId "14101785"]
[BlackFideId "13900765"]
[WhiteElo "2132"]
[BlackElo "2162"]
[Result "0-1"]
[Round "06"]
[TimeControl "180+2"]
[Date "2023.05.16"]
[WhiteClock "0:00:29"]
[BlackClock "0:01:50"]

1. e4 c5 2. Nf3 a6 3. c3 d5 4. exd5 Qxd5 5. d4 Nf6 6. Be3 cxd4 7. Qxd4 Nc6 8. Qxd5 Nxd5 9. Bg5 f6 10. Bh4 e5 11. Bc4 Be6 12. Nbd2 O-O-O 13. O-O-O Bc5 14. Nb3 Ba7 15. Rhe1 Rhe8 16. Bxd5 Bxd5 17. h3 h5 18. Bg3 g5 19. h4 g4 20. Ng1 Bxg2 21. Rxd8+ Rxd8 22. Rd1 Rxd1+ 23. Kxd1 f5 24. Ke2 f4 25. Bh2 g3 26. fxg3 fxg3 27. Bxg3 Bxg1 28. Nd2 Kd7 29. b4 Ke6 30. a4 b5 31. axb5 axb5 32. Nb3 Bd5 33. Nd2 Bb6 34. Kd3 Kf5 35. Nf1 e4+ 36. Kd2 Kg4 37. Be1 Kf3 38. Nh2+ Kg2 0-1


[Site "https://www.chess.com"]

[Event "Titled Tuesday Blitz May 16 Late 2023"]
[White "Skaric, Djuro"]
[Black "Sanchez, Robert"]
[WhiteFideId "934569"]
[BlackFideId "2034360"]
[WhiteElo "2282"]
[BlackElo "1862"]
[Result "1-0"]
[Round "06"]
[TimeControl "180+2"]
[Date "2023.05.16"]
[WhiteClock "0:01:46"]
[BlackClock "0:02:10"]

1. g3 d5 2. Bg2 Nc6 3. d3 e5 4. Nf3 Be6 5. O-O f6 6. Nc3 Qd7 7. e4 d4 8. Ne2 O-O-O 9. a4 h5 10. a5 h4 11. Nxh4 g5 12. Nf3 Bh3 13. g4 Bxg2 14. Kxg2 Qxg4+ 15. Ng3 Nge7 16. Rh1 Qh3+ 17. Kg1 Ng6 18. Qf1 Qh7 19. Nf5 Nce7 20. Qg2 Nxf5 21. exf5 Nf4 22. Bxf4 gxf4 23. a6 Rg8 1-0


[Site "https://www.chess.com"]

[Event "Titled Tuesday Blitz May 16 Late 2023"]
[White "Levar, Nenad"]
[Black "Chemin, Justo Reinaldo"]
[WhiteFideId "14504430"]
[BlackFideId "2101580"]
[WhiteElo "2095"]
[BlackElo "1940"]
[Result "1-0"]
[Round "06"]
[TimeControl "180+2"]
[Date "2023.05.16"]
[WhiteClock "0:00:29"]
[BlackClock "0:00:00"]

1. d4 d5 2. c4 dxc4 3. Nf3 a6 4. a4 e6 5. e3 c5 6. Bxc4 Nf6 7. O-O Nc6 8. dxc5 Qxd1 9. Rxd1 Bxc5 10. Nc3 Ke7 11. b3 Bd7 12. Bb2 Na5 13. Nd4 Nxc4 14. bxc4 Rhc8 15. Nb3 Ba7 16. Ba3+ Ke8 17. c5 b6 18. Rac1 bxc5 19. Ne2 c4 20. Nbd4 Bxa4 21. Re1 Nd5 22. e4 Nf6 23. Nc3 Bxd4 24. Nxa4 Ng4 25. Re2 e5 26. h3 Nf6 27. Nc3 Rab8 28. Kf1 Rb3 29. Bb2 Rcb8 30. Ba1 Bxc3 31. Bxc3 Rb1 32. Rc2 Rxc1+ 33. Rxc1 Nxe4 34. Bxe5 Rc8 35. f3 Nd2+ 36. Ke2 Nb3 37. Rc3 f6 38. Bd6 Kd7 39. Bb4 a5 40. Ba3 Ke6 41. Ke3 Kd5 42. Rc2 Re8+ 43. Kf2 a4 44. Bb4 f5 45. g4 f4 46. Ra2 Re3 47. Rxa4 Nd4 48. Ra5+ Ke6 49. Bc5 Rxf3+ 50. Kg2 Rd3 51. Ra7 f3+ 52. Kf2 Kd5 53. Bxd4 Kxd4 54. Rxg7 c3 55. Rc7 Rd2+ 56. Kxf3 Kd3 57. Kf4 c2 58. Kg5 Ke2 59. Kh6 1-0


[Site "https://www.chess.com"]

[Event "Titled Tuesday Blitz May 16 Late 2023"]
[White "Manu_ChessExcelsior"]
[Black "Ismayilova, Khanim"]
[BlackFideId "13429019"]
[WhiteElo "2060"]
[BlackElo "1633"]
[Result "0-1"]
[Round "06"]
[TimeControl "180+2"]
[Date "2023.05.16"]
[WhiteClock "0:00:05"]
[BlackClock "0:00:07"]

1. e4 c5 2. g3 e6 3. Bg2 d5 4. exd5 exd5 5. d4 Nf6 6. Qe2+ Be6 7. Nf3 Nc6 8. O-O Nxd4 9. Nxd4 cxd4 10. Nd2 Bc5 11. Nb3 Bb6 12. Rd1 O-O 13. Nxd4 Bg4 14. f3 Bd7 15. Kh1 Re8 16. Qf1 Rc8 17. c3 Ba4 18. Nb3 a6 19. Bg5 Bb5 20. Qe1 Rxe1+ 21. Rxe1 Qd6 22. Bf4 Qd7 23. Rad1 Nh5 24. Be5 f6 25. Bd4 Bxd4 26. Nxd4 Bc4 27. b3 Bb5 28. Re3 Re8 29. Rde1 Rxe3 30. Rxe3 Kf7 31. f4 Bc6 32. Kg1 Qg4 33. Kf2 Qd1 34. Re2 Qc1 35. c4 Qc3 36. Nxc6 bxc6 37. cxd5 cxd5 38. Bxd5+ Kf8 39. Bf3 Qd4+ 40. Kg2 Qc5 41. b4 Qb5 42. a4 Qf5 43. g4 Nxf4+ 44. Kf1 Qb1+ 45. Re1 Qd3+ 46. Kf2 Qd2+ 47. Kf1 Nd3 48. Rd1 Qf2# 0-1


[Site "https://www.chess.com"]

[Event "Titled Tuesday Blitz May 16 Late 2023"]
[White "Barria Santos, Jose Guilherme"]
[Black "Milovic, Aleksandra"]
[WhiteFideId "1939300"]
[BlackFideId "933988"]
[WhiteElo "2266"]
[BlackElo "2000"]
[Result "0-1"]
[Round "06"]
[TimeControl "180+2"]
[Date "2023.05.16"]
[WhiteClock "0:01:54"]
[BlackClock "0:01:48"]

1. e4 e5 2. Nf3 Nf6 3. d3 Nc6 4. Nbd2 Bc5 5. Nb3 Bb6 6. Be2 O-O 7. O-O d5 8. exd5 Nxd5 9. Nfd2 Nf4 10. Nc4 Nxe2+ 11. Qxe2 Re8 12. c3 Be6 13. Nxb6 axb6 14. Be3 Qf6 15. Nd2 Qg6 16. Ne4 f5 17. Ng5 Bd5 18. Bd2 h6 19. c4 Nd4 20. Qd1 Bc6 0-1


[Site "https://www.chess.com"]

[Event "Titled Tuesday Blitz May 16 Late 2023"]
[White "Kowalysko, Roman"]
[Black "Xia, Brandon"]
[WhiteFideId "30918510"]
[BlackFideId "30921880"]
[WhiteElo "2177"]
[BlackElo "1924"]
[Result "0-1"]
[Round "06"]
[TimeControl "180+2"]
[Date "2023.05.16"]
[WhiteClock "0:00:17"]
[BlackClock "0:00:24"]

1. e4 g6 2. d4 Bg7 3. Nc3 d6 4. Bg5 a6 5. Qd2 b5 6. a3 Bb7 7. O-O-O Nd7 8. f3 c5 9. dxc5 Nxc5 10. Nge2 Rc8 11. Kb1 Qb6 12. Nd4 Nf6 13. Bh6 Bxh6 14. Qxh6 Nfd7 15. Qg7 Rf8 16. Qxh7 Ne5 17. h4 b4 18. axb4 Qxb4 19. h5 Ncd7 20. hxg6 Nxg6 21. Nd5 Bxd5 22. exd5 Rh8 23. Qxg6 Rxh1 24. Qg8+ Nf8 25. c3 Rxc3 26. Bb5+ axb5 27. Rxh1 Rd3 28. Ne6 fxe6 29. dxe6 Qf4 30. Rh8 Rd1+ 31. Kc2 Qc1+ 32. Kb3 Qc4+ 33. Ka3 Ra1# 0-1


[Site "https://www.chess.com"]

[Event "Titled Tuesday Blitz May 16 Late 2023"]
[White "Manon-og, Ramon Jr."]
[Black "Winkels, Marcel"]
[WhiteFideId "5200776"]
[BlackFideId "1003887"]
[WhiteElo "2342"]
[BlackElo "1900"]
[Result "0-1"]
[Round "06"]
[TimeControl "180+2"]
[Date "2023.05.16"]
[WhiteClock "0:00:13"]
[BlackClock "0:00:46"]

1. e4 Nf6 2. Nc3 d5 3. exd5 Nxd5 4. Nxd5 Qxd5 5. Nf3 Bg4 6. Be2 Nc6 7. O-O O-O-O 8. h3 Bh5 9. d3 e5 10. Bg5 f6 11. Be3 g5 12. c4 Qe6 13. Qa4 Kb8 14. Rab1 Bxf3 15. Bxf3 Nd4 16. Bxd4 Rxd4 17. Qb5 c6 18. Qb3 h5 19. Rbc1 g4 20. Be2 gxh3 21. gxh3 Qxh3 0-1


[Site "https://www.chess.com"]

[Event "Titled Tuesday Blitz May 16 Late 2023"]
[White "Tarnowska, Aleksandra"]
[Black "Alexikov, Alexander"]
[WhiteFideId "1180967"]
[BlackFideId "14103958"]
[WhiteElo "1776"]
[BlackElo "2186"]
[Result "0-1"]
[Round "06"]
[TimeControl "180+2"]
[Date "2023.05.16"]
[WhiteClock "0:00:00"]
[BlackClock "0:01:33"]

1. e4 c5 2. Nf3 d6 3. Bb5+ Nd7 4. O-O Nf6 5. Re1 g6 6. c3 Bg7 7. d4 cxd4 8. cxd4 O-O 9. e5 dxe5 10. dxe5 Ng4 11. e6 fxe6 12. Rxe6 Nde5 13. Qb3 Bxe6 14. Qxe6+ Kh8 15. Nc3 Rf6 16. Qb3 Nxf3+ 17. gxf3 Rxf3 18. Be2 Qd6 19. Kf1 Qxh2 20. Ke1 Rd8 0-1


[Site "https://www.chess.com"]

[Event "Titled Tuesday Blitz May 16 Late 2023"]
[White "rikchessmx"]
[Black "Sailer, Mike"]
[BlackFideId "2012901"]
[WhiteElo "2222"]
[BlackElo "2109"]
[Result "1-0"]
[Round "06"]
[TimeControl "180+2"]
[Date "2023.05.16"]
[WhiteClock "0:01:09"]
[BlackClock "0:00:00"]

1. e4 d5 2. exd5 Qxd5 3. Nc3 Qd6 4. Bc4 Nf6 5. d3 c6 6. Nge2 Bg4 7. f3 Bf5 8. g4 Bg6 9. h4 h6 10. h5 Bh7 11. Bf4 Qd8 12. Ng3 e6 13. Qe2 Bb4 14. Bd2 Nbd7 15. a3 Bd6 16. Nce4 Nxe4 17. Nxe4 Bxe4 18. dxe4 Bg3+ 19. Kf1 Qc7 20. Kg2 Bf4 21. Bc3 Ne5 22. Bb3 O-O-O 23. Rad1 Rxd1 24. Rxd1 Rd8 25. Bd4 b6 26. Qa6+ Kb8 27. c3 c5 28. Bf2 Rxd1 29. Bxd1 Qd6 30. Qe2 Nd3 31. Bg1 Kc7 32. b4 c4 33. Bc2 Kd7 34. Be3 Bh2 35. Kh1 Ke7 36. Qxh2 Ne1 37. Qxd6+ Kxd6 38. Bd1 Nd3 39. Bd4 e5 40. Be3 Nb2 41. Bc2 Kc6 42. a4 a6 43. f4 f6 44. Kg2 b5 45. a5 Kd6 46. Kf3 Ke6 47. g5 fxg5 48. fxg5 hxg5 49. Bxg5 Kd6 50. Kg4 Ke6 51. Be3 Na4 52. Bd2 Nb2 53. Kg5 1-0


[Site "https://www.chess.com"]

[Event "Titled Tuesday Blitz May 16 Late 2023"]
[White "KSho99"]
[Black "Talbi, Chafik"]
[BlackFideId "7903715"]
[WhiteElo "2141"]
[BlackElo "2186"]
[Result "1-0"]
[Round "06"]
[TimeControl "180+2"]
[Date "2023.05.16"]
[WhiteClock "0:00:10"]
[BlackClock "0:00:00"]

1. Nf3 c6 2. e4 d5 3. Nc3 dxe4 4. Nxe4 Nf6 5. Qe2 Nxe4 6. Qxe4 Nd7 7. Bc4 e6 8. O-O Be7 9. d4 Nf6 10. Qe2 O-O 11. c3 c5 12. dxc5 Bxc5 13. Bg5 Be7 14. Rad1 Qc7 15. Bb3 a5 16. Bc2 Ra6 17. Rd4 Rb6 18. Rfd1 g6 19. Bb1 Nh5 20. Bxe7 Qxe7 21. Qe3 Rxb2 22. Qh6 f6 23. Rh4 Qg7 24. Qc1 Rb6 25. g4 Rxb1 26. Qxb1 Nf4 27. Qe4 e5 28. g5 Bf5 29. Qc4+ Be6 30. Qb5 Ne2+ 31. Qxe2 fxg5 32. Nxg5 Qf6 33. Nxe6 Qxe6 34. Qc4 Qxc4 35. Rxc4 Rf7 36. Rd8+ Kg7 37. Rd5 Kh6 38. Rxe5 Rd7 39. Rcc5 Rd1+ 40. Kg2 b6 41. Rc6 Rd2 42. a4 Ra2 43. Rxb6 Rxa4 44. Ra6 Rc4 45. Raxa5 Rxc3 46. Rac5 Rd3 47. Re7 1-0


[Site "https://www.chess.com"]

[Event "Titled Tuesday Blitz May 16 Late 2023"]
[White "Xavier_mompel"]
[Black "Powell, Paul"]
[BlackFideId "2005840"]
[WhiteElo "2199"]
[BlackElo "2087"]
[Result "1-0"]
[Round "06"]
[TimeControl "180+2"]
[Date "2023.05.16"]
[WhiteClock "0:00:16"]
[BlackClock "0:00:03"]

1. e4 c5 2. Nf3 d6 3. d4 cxd4 4. Nxd4 Nf6 5. Nc3 g6 6. Be3 Bg7 7. f3 O-O 8. Qd2 Nc6 9. Bc4 Nxd4 10. Bxd4 Be6 11. Bxe6 fxe6 12. O-O-O Qa5 13. Kb1 Rac8 14. g4 Rc4 15. Ne2 Qxd2 16. Rxd2 Rfc8 17. Rhd1 e5 18. Be3 a6 19. Nc3 Rxc3 20. bxc3 Rxc3 21. Rd3 Rc7 22. a4 Nd7 23. Rb3 Nf8 24. Rdd3 Ne6 25. Rdc3 Rd7 26. Rc8+ Kf7 27. Rb8 b5 28. axb5 axb5 29. R3xb5 Nd4 30. Bxd4 exd4 31. R5b7 Rxb7+ 32. Rxb7 Be5 33. h3 Ke6 34. Kc1 Kf7 35. Kd2 Ke6 36. Kd3 Bf6 37. f4 Bg7 38. g5 Kf7 39. h4 Ke6 40. Rb5 Kf7 41. f5 Be5 42. Rb1 Kg7 43. Rh1 h6 44. Rg1 h5 45. Rf1 Bg3 46. Rh1 Be5 47. Kc4 Kf7 48. Kd5 Bh8 49. Rf1 Be5 50. fxg6+ Kxg6 51. Ke6 Bg3 52. Rh1 Be5 53. Kxe7 1-0


[Site "https://www.chess.com"]

[Event "Titled Tuesday Blitz May 16 Late 2023"]
[White "teresin05"]
[Black "Vargas, Mauricio"]
[BlackFideId "4404572"]
[WhiteElo "2185"]
[BlackElo "1986"]
[Result "1-0"]
[Round "06"]
[TimeControl "180+2"]
[Date "2023.05.16"]
[WhiteClock "0:00:19"]
[BlackClock "0:00:00"]

1. e4 d6 2. d4 g6 3. Nc3 Bg7 4. f4 Nf6 5. Nf3 O-O 6. Be3 b6 7. e5 Ng4 8. Bg1 Bb7 9. h3 Nh6 10. Qd3 Nf5 11. Bf2 e6 12. O-O-O Nc6 13. Kb1 Nb4 14. Qe2 a5 15. g4 Ne7 16. Bg2 Ned5 17. Nxd5 Bxd5 18. a3 Qd7 19. h4 Qc6 20. h5 Nxc2 21. Qxc2 Be4 22. Rd3 Qb5 23. Rhd1 c5 24. Ne1 Bxd3 25. Qxd3 Qa4 26. Bxa8 Rxa8 27. dxc5 bxc5 28. Qxd6 Rc8 29. Qd7 Rf8 30. Qxa4 Rb8 31. hxg6 hxg6 32. Bxc5 f6 33. exf6 Bxf6 34. Bd4 e5 35. Bxe5 1-0


[Site "https://www.chess.com"]